General information
- name: BNet
- type: Ladder team game (AT/RT)
- host: Battle.net
- saver: ALovelyAlly
map: Deathknell
- players: 8
- length: 54:44
- speed: Fast
- version: 1.26 W3XP
- replay type: Public
» download(293 KB)
Players
team 1 (loser)

»
TaintedNoob (
teal | 31 APM | 1446 actions | 47:19)
7 Priestess of the Moon
3 Searing Arrows
3 Trueshot Aura
1 Starfall
7 Keeper of the Grove
3 Entangling Roots
3 Thorns Aura
1 Tranquility
» actions
| Assign group hotkey | 37 | |
| Build / train | 114 | |
| ESC pressed | 3 | |
| Enter build submenu | 21 | |
| Enter hero's abilities submenu | 14 | |
| Give item / drop item | 5 | |
| Right click | 627 | |
| Select / deselect | 391 | |
| Select group hotkey | 136 | |
| Use ability | 98 | |
1446 total
» units
| Wisp | 25 | |
| Huntress | 7 | |
| Druid of the Talon | 6 | |
| Hippogryph | 22 | |
| Chimaera | 5 | |
65 total
» upgrades
| Strength of the Moon | 2 | |
| Moon Armor | 1 | |
| Ultravision | 1 | |
| Strength of the Wild | 2 | |
| Reinforced Hides | 2 | |
| Nature's Blessing | 1 | |
| Druid of the Talon Training | 2 | |
| Sentinel | 1 | |
| Corrosive Breath | 1 | |
| Well Spring | 1 | |
| Mark of the Talon | 1 | |
15 total
» buildings
| Moon Well | 7 | |
| Hunter's Hall | 1 | |
| Ancient of War | 1 | |
| Altar of Elders | 1 | |
| Ancient of Wonders | 1 | |
| Tree of Life | 2 | |
| Tree of Ages | 1 | |
| Ancient of Wind | 2 | |
| Tree of Eternity | 1 | |
| Chimaera Roost | 2 | |
| Ancient Protector | 1 | |
20 total
» build order
00:23 Moon Well
01:18 Hunter's Hall
01:33 Ancient of War
01:48 Altar of Elders
02:00 Moon Well
02:20 Moon Well
03:50 Ancient of Wonders
05:21 Moon Well
05:52 Tree of Life
06:15 Tree of Ages
06:47 Moon Well
08:41 Ancient of Wind
09:28 Tree of Eternity
11:54 Chimaera Roost
11:58 Chimaera Roost
12:02 Moon Well
12:10 Moon Well
13:10 Ancient of Wind
19:36 Tree of Life
25:49 Ancient Protector
» items
| Scroll of Regeneration | 2 | |
| Orb of Venom | 1 | |
| Anti-magic Potion | 3 | |
| Staff of Preservation | 1 | |
| Scroll of Town Portal | 7 | |
| Potion of Healing | 1 | |
| Dust of Appearance | 1 | |
16 total

»
panic-attacker (
purple | 22 APM | 1213 actions | 54:43)
7 Archmage
3 Summon Water Elemental
2 Brilliance Aura
1 Mass Teleport
1 Blizzard
4 Mountain King
2 Storm Bolt
2 Bash
» actions
| Assign group hotkey | 17 | |
| Basic commands | 3 | |
| Build / train | 72 | |
| Enter build submenu | 27 | |
| Enter hero's abilities submenu | 11 | |
| Give item / drop item | 4 | |
| Remove unit from queue | 6 | |
| Right click | 260 | |
| Select / deselect | 462 | |
| Select group hotkey | 251 | |
| Use ability | 100 | |
1213 total
» units
| Peasant | 15 | |
| Footman | 6 | |
| Gryphon Rider | 12 | |
| Flying Machine | 1 | |
34 total
» upgrades
| Defend | 1 | |
| Lumber Harvesting | 2 | |
| Storm Hammers | 1 | |
| Masonry | 2 | |
| Armor | 3 | |
| Swords | 2 | |
11 total
» buildings
| Farm | 16 | |
| Altar of Kings | 1 | |
| Barracks | 1 | |
| Arcane Vault | 1 | |
| Lumber Mill | 1 | |
| Keep | 1 | |
| Blacksmith | 1 | |
| Town Hall | 3 | |
| Castle | 1 | |
| Gryphon Aviary | 1 | |
| Workshop | 1 | |
| Arcane Sanctum | 1 | |
29 total
» build order
00:05 Farm
00:10 Altar of Kings
00:52 Barracks
01:19 Farm
01:59 Farm
02:07 Arcane Vault
02:37 Farm
03:16 Lumber Mill
03:23 Farm
04:35 Farm
04:37 Keep
04:43 Blacksmith
05:19 Farm
07:10 Town Hall
07:17 Castle
07:21 Farm
07:31 Gryphon Aviary
07:59 Farm
10:24 Farm
11:14 Farm
11:26 Town Hall
11:39 Farm
13:40 Farm
13:42 Farm
13:52 Workshop
15:41 Farm
16:59 Farm
17:08 Town Hall
17:33 Arcane Sanctum
» items
| Scroll of Regeneration | 4 | |
| Potion of Healing | 3 | |
| Orb of Fire | 1 | |
8 total

»
MossaD (
yellow | 36 APM | 1686 actions | 47:23)
8 Dreadlord
3 Vampiric Aura
3 Sleep
1 Inferno
1 Carrion Swarm
» actions
| Assign group hotkey | 3 | |
| Build / train | 129 | |
| Enter build submenu | 22 | |
| Enter hero's abilities submenu | 8 | |
| Remove unit from queue | 3 | |
| Right click | 1027 | |
| Select / deselect | 426 | |
| Select group hotkey | 1 | |
| Use ability | 67 | |
1686 total
» units
| Acolyte | 32 | |
| Ghoul | 8 | |
| Frost Wyrm | 16 | |
| Crypt Fiend | 13 | |
| Necromancer | 14 | |
83 total
» upgrades
| Creature Attack | 3 | |
| Creature Carapace | 2 | |
| Web | 1 | |
| Skeletal Longevity | 1 | |
| Skeletal Mastery | 1 | |
| Freezing Breath | 1 | |
9 total
» buildings
| Crypt | 1 | |
| Ziggurat | 9 | |
| Altar of Darkness | 1 | |
| Graveyard | 1 | |
| Halls of the Dead | 3 | |
| Tomb of Relics | 1 | |
| Black Citadel | 3 | |
| Sacrificial Pit | 1 | |
| Boneyard | 2 | |
| Spirit Tower | 3 | |
| Temple of the Damned | 1 | |
| Nerubian Tower | 1 | |
27 total
» build order
00:14 Crypt
00:18 Ziggurat
00:45 Altar of Darkness
01:34 Graveyard
02:12 Halls of the Dead
02:12 Halls of the Dead
02:13 Halls of the Dead
03:27 Tomb of Relics
03:58 Ziggurat
04:02 Ziggurat
04:34 Black Citadel
04:34 Black Citadel
05:14 Sacrificial Pit
05:21 Ziggurat
05:25 Ziggurat
05:28 Ziggurat
07:03 Boneyard
07:09 Boneyard
11:34 Ziggurat
13:34 Ziggurat
13:41 Ziggurat
15:30 Spirit Tower
17:28 Temple of the Damned
24:47 Spirit Tower
44:43 Spirit Tower
44:52 Nerubian Tower
» items
| Orb of Corruption | 1 | |
| Dust of Appearance | 3 | |
| Potion of Healing | 5 | |
| Scroll of Town Portal | 4 | |
| Potion of Mana | 2 | |
15 total
thequestionmark (
blue | 16 APM | 787 actions | 49:11)
3 Blood Mage
2 Flame Strike
1 Banish
» actions
| Basic commands | 7 | |
| Build / train | 63 | |
| Enter build submenu | 36 | |
| Enter hero's abilities submenu | 3 | |
| Right click | 284 | |
| Select / deselect | 347 | |
| Use ability | 47 | |
787 total
» units
| Peasant | 23 | |
| Rifleman | 13 | |
| Spell Breaker | 7 | |
| Mortar Team | 4 | |
47 total
» upgrades
| Gunpowder | 2 | |
| Armor | 2 | |
| Masonry | 1 | |
| Flare | 1 | |
6 total
» buildings
| Farm | 7 | |
| Altar of Kings | 1 | |
| Barracks | 2 | |
| Blacksmith | 1 | |
| Lumber Mill | 1 | |
| Scout Tower | 15 | |
| Guard Tower | 4 | |
| Keep | 1 | |
| Arcane Vault | 1 | |
| Arcane Sanctum | 1 | |
| Workshop | 1 | |
| Town Hall | 1 | |
36 total
» build order
00:06 Farm
02:09 Altar of Kings
02:23 Farm
02:26 Barracks
02:30 Blacksmith
02:33 Lumber Mill
02:39 Barracks
02:49 Farm
03:04 Scout Tower
03:10 Scout Tower
03:40 Guard Tower
03:59 Guard Tower
04:37 Farm
05:14 Keep
05:21 Farm
05:29 Farm
06:12 Arcane Vault
07:56 Farm
10:19 Arcane Sanctum
10:22 Workshop
11:14 Scout Tower
11:35 Scout Tower
11:39 Scout Tower
12:25 Guard Tower
13:41 Scout Tower
34:14 Scout Tower
34:16 Scout Tower
34:18 Scout Tower
34:19 Scout Tower
34:21 Scout Tower
34:23 Scout Tower
34:26 Scout Tower
34:27 Scout Tower
34:30 Scout Tower
35:02 Guard Tower
36:08 Town Hall
» items
team 2 (winner)
TheMiser (
green | 65 APM | 3551 actions | 54:43)
10 Blood Mage
3 Flame Strike
3 Siphon Mana
1 Summon Phoenix
3 Banish
» actions
| Assign group hotkey | 64 | |
| Basic commands | 63 | |
| Build / train | 160 | |
| Enter build submenu | 67 | |
| Enter hero's abilities submenu | 10 | |
| Give item / drop item | 1 | |
| Remove unit from queue | 4 | |
| Right click | 1277 | |
| Select / deselect | 570 | |
| Select group hotkey | 938 | |
| Use ability | 397 | |
3551 total
» units
| Peasant | 34 | |
| Footman | 4 | |
| Goblin Shredder | 2 | |
| Sorceress | 6 | |
| Goblin Zeppelin | 1 | |
| Goblin Sapper | 13 | |
| Gryphon Rider | 1 | |
| Dragonhawk Rider | 10 | |
71 total
» upgrades
| Lumber Harvesting | 0 | |
| Sorceress Training | 1 | |
| Masonry | 3 | |
| Magic Sentry | 1 | |
| Swords | 3 | |
| Armor | 3 | |
| Animal War Training | 1 | |
| Storm Hammers | 1 | |
| Cloud | 1 | |
14 total
» buildings
| Altar of Kings | 1 | |
| Barracks | 2 | |
| Farm | 11 | |
| Scout Tower | 40 | |
| Arcane Tower | 6 | |
| Arcane Vault | 3 | |
| Keep | 1 | |
| Lumber Mill | 1 | |
| Town Hall | 6 | |
| Arcane Sanctum | 1 | |
| Guard Tower | 9 | |
| Castle | 1 | |
| Blacksmith | 2 | |
| Gryphon Aviary | 4 | |
88 total
» build order
00:47 Altar of Kings
00:47 Barracks
00:55 Farm
01:01 Barracks
01:06 Farm
01:08 Farm
01:46 Scout Tower
02:00 Farm
02:15 Arcane Tower
02:55 Arcane Vault
03:38 Keep
04:12 Lumber Mill
04:54 Town Hall
05:33 Farm
06:02 Arcane Sanctum
07:11 Scout Tower
07:12 Scout Tower
07:14 Scout Tower
07:15 Scout Tower
07:20 Scout Tower
07:21 Scout Tower
07:22 Scout Tower
07:24 Scout Tower
07:24 Scout Tower
07:46 Scout Tower
07:47 Scout Tower
07:47 Scout Tower
07:48 Scout Tower
07:53 Guard Tower
08:09 Guard Tower
08:18 Scout Tower
08:18 Scout Tower
08:20 Scout Tower
08:22 Scout Tower
08:27 Guard Tower
11:11 Guard Tower
11:13 Arcane Tower
11:14 Arcane Tower
11:16 Arcane Tower
11:21 Castle
11:40 Blacksmith
11:42 Blacksmith
11:46 Gryphon Aviary
11:47 Gryphon Aviary
11:49 Gryphon Aviary
11:50 Gryphon Aviary
12:03 Arcane Tower
12:04 Guard Tower
12:05 Arcane Tower
13:52 Farm
13:52 Farm
13:53 Farm
13:53 Farm
15:24 Scout Tower
15:24 Scout Tower
15:25 Scout Tower
15:25 Scout Tower
15:26 Scout Tower
15:27 Scout Tower
15:28 Scout Tower
15:28 Scout Tower
15:28 Scout Tower
15:28 Scout Tower
16:17 Guard Tower
16:51 Guard Tower
16:54 Town Hall
17:02 Guard Tower
20:44 Farm
20:45 Farm
35:45 Town Hall
36:51 Town Hall
36:58 Scout Tower
37:02 Scout Tower
37:55 Scout Tower
37:55 Scout Tower
37:56 Scout Tower
37:56 Scout Tower
37:56 Scout Tower
37:59 Scout Tower
37:59 Scout Tower
38:00 Scout Tower
38:01 Scout Tower
38:02 Scout Tower
38:24 Arcane Vault
39:05 Guard Tower
39:07 Guard Tower
42:24 Town Hall
42:31 Arcane Vault
43:39 Town Hall
» items
| Scroll of Regeneration | 8 | |
| Lesser Clarity Potion | 7 | |
| Potion of Healing | 13 | |
| Potion of Mana | 7 | |
| Scroll of Town Portal | 7 | |
| Healing Salve | 1 | |
43 total
ALovelyAlly (
pink | 104 APM | 5677 actions | 54:44)
10 Blademaster
3 Wind Walk
3 Critical Strike
1 Bladestorm
3 Mirror Image
» actions
| Assign group hotkey | 96 | |
| Basic commands | 168 | |
| Build / train | 192 | |
| ESC pressed | 21 | |
| Enter build submenu | 63 | |
| Enter hero's abilities submenu | 10 | |
| Give item / drop item | 14 | |
| Right click | 2467 | |
| Select / deselect | 687 | |
| Select group hotkey | 1577 | |
| Use ability | 382 | |
5677 total
» units
| Peon | 38 | |
| Grunt | 8 | |
| Goblin Shredder | 3 | |
| Goblin Sapper | 1 | |
| Goblin Zeppelin | 5 | |
| Wind Rider | 16 | |
| Troll Batrider | 11 | |
| Raider | 1 | |
| Troll Witch Doctor | 1 | |
| Tauren | 1 | |
85 total
» upgrades
| Berserker Strength | 1 | |
| Pillage | 1 | |
| Backpack | 3 | |
| Spiked Barricades | 4 | |
| Armor | 3 | |
| Reinforced Defenses | 1 | |
| Envenomed Spears | 1 | |
| Liquid Fire | 1 | |
| Troll Regeneration | 1 | |
| Ranged Weapons | 3 | |
| Berserker Upgrade | 1 | |
| Ensnare | 1 | |
| War Drums Damage Increase | 1 | |
| Melee Weapons | 3 | |
| Shaman Training | 2 | |
| Witch Doctor Training | 2 | |
| Spirit Walker Training | 2 | |
| Burning Oil | 1 | |
| Magic Sentry | 1 | |
| Pulverize | 1 | |
34 total
» buildings
| Altar of Storms | 2 | |
| Orc Burrow | 8 | |
| Barracks | 1 | |
| Voodoo Lounge | 3 | |
| Stronghold | 3 | |
| Great Hall | 3 | |
| War Mill | 1 | |
| Watch Tower | 26 | |
| Fortress | 3 | |
| Beastiary | 4 | |
| Spirit Lodge | 3 | |
| Tauren Totem | 1 | |
| Scout Tower | 1 | |
59 total
» build order
00:07 Altar of Storms
00:08 Orc Burrow
00:10 Altar of Storms
00:20 Barracks
01:30 Orc Burrow
02:06 Voodoo Lounge
03:29 Orc Burrow
04:14 Stronghold
04:14 Stronghold
05:13 Great Hall
05:55 War Mill
09:20 Watch Tower
09:23 Watch Tower
09:31 Watch Tower
09:38 Watch Tower
10:29 Fortress
10:29 Fortress
11:05 Watch Tower
11:08 Watch Tower
11:13 Watch Tower
11:20 Beastiary
11:21 Beastiary
11:26 Beastiary
11:31 Beastiary
11:36 Watch Tower
11:45 Watch Tower
11:51 Watch Tower
11:56 Watch Tower
23:36 Watch Tower
23:37 Watch Tower
23:39 Watch Tower
23:40 Watch Tower
23:41 Watch Tower
24:05 Voodoo Lounge
24:39 Great Hall
24:43 Watch Tower
24:44 Watch Tower
24:45 Watch Tower
24:47 Watch Tower
25:56 Watch Tower
25:57 Watch Tower
25:57 Watch Tower
26:01 Watch Tower
28:23 Orc Burrow
28:25 Orc Burrow
28:28 Orc Burrow
28:31 Orc Burrow
28:35 Orc Burrow
38:04 Voodoo Lounge
41:34 Spirit Lodge
41:35 Spirit Lodge
41:39 Spirit Lodge
44:46 Great Hall
44:49 Watch Tower
44:50 Watch Tower
49:44 Tauren Totem
50:47 Scout Tower
» items
| Healing Salve | 8 | |
| Lesser Clarity Potion | 10 | |
| Scroll of Town Portal | 5 | |
| Orb of Lightning | 1 | |
| Potion of Mana | 3 | |
| Orb of Venom | 1 | |
| Tiny Great Hall | 1 | |
29 total

»
masterfuji (
orange | 28 APM | 1396 actions | 49:58)
5 Demon Hunter
2 Immolation
3 Evasion
3 Priestess of the Moon
2 Searing Arrows
1 Trueshot Aura
» actions
| Assign group hotkey | 35 | |
| Basic commands | 24 | |
| Build / train | 98 | |
| Enter build submenu | 24 | |
| Enter hero's abilities submenu | 8 | |
| Give item / drop item | 1 | |
| Remove unit from queue | 1 | |
| Right click | 487 | |
| Select / deselect | 381 | |
| Select group hotkey | 276 | |
| Use ability | 59 | |
1396 total
» units
| Wisp | 25 | |
| Archer | 9 | |
| Faerie Dragon | 18 | |
| Hippogryph | 15 | |
| Druid of the Talon | 4 | |
71 total
» upgrades
| Strength of the Wild | 3 | |
| Reinforced Hides | 2 | |
| Druid of the Talon Training | 2 | |
| Mark of the Talon | 1 | |
8 total
» buildings
| Altar of Elders | 1 | |
| Moon Well | 8 | |
| Ancient of War | 1 | |
| Ancient of Wonders | 2 | |
| Tree of Ages | 1 | |
| Tree of Life | 5 | |
| Ancient of Wind | 3 | |
| Hunter's Hall | 1 | |
| Tree of Eternity | 1 | |
| Chimaera Roost | 2 | |
25 total
» build order
00:08 Altar of Elders
00:13 Moon Well
00:47 Ancient of War
01:32 Moon Well
02:01 Ancient of Wonders
02:31 Moon Well
03:54 Tree of Ages
04:58 Moon Well
05:50 Tree of Life
06:10 Moon Well
06:20 Ancient of Wind
06:25 Ancient of Wind
06:50 Hunter's Hall
10:34 Moon Well
11:27 Ancient of Wonders
11:37 Ancient of Wind
13:43 Moon Well
13:48 Tree of Eternity
17:18 Moon Well
24:22 Tree of Life
29:07 Tree of Life
30:47 Chimaera Roost
31:00 Chimaera Roost
32:03 Tree of Life
36:39 Tree of Life
» items
| Scroll of Town Portal | 3 | |
| Orb of Lightning | 1 | |
| Healing Salve | 1 | |
| Orb of Venom | 1 | |
6 total
MacDaddyD (
red | 19 APM | 616 actions | 31:54)
6 Paladin
2 Holy Light
2 Devotion Aura
1 Divine Shield
1 Resurrection
» actions
| Basic commands | 7 | |
| Build / train | 63 | |
| Enter build submenu | 25 | |
| Enter hero's abilities submenu | 7 | |
| Give item / drop item | 1 | |
| Remove unit from queue | 7 | |
| Right click | 185 | |
| Select / deselect | 273 | |
| Use ability | 48 | |
616 total
» units
| Peasant | 8 | |
| Footman | 7 | |
| Priest | 7 | |
| Gryphon Rider | 7 | |
| Knight | 5 | |
34 total
» upgrades
| Swords | 2 | |
| Plating | 2 | |
| Armor | 2 | |
| Masonry | 1 | |
| Priest Training | 2 | |
| Animal War Training | 1 | |
10 total
» buildings
| Lumber Mill | 1 | |
| Altar of Kings | 1 | |
| Farm | 12 | |
| Scout Tower | 1 | |
| Barracks | 2 | |
| Blacksmith | 1 | |
| Arcane Vault | 1 | |
| Keep | 1 | |
| Castle | 1 | |
| Gryphon Aviary | 2 | |
| Arcane Sanctum | 1 | |
24 total
» build order
00:15 Lumber Mill
00:41 Altar of Kings
01:15 Farm
01:39 Scout Tower
01:55 Barracks
01:58 Barracks
02:12 Blacksmith
02:15 Farm
02:21 Arcane Vault
03:00 Farm
03:37 Farm
06:09 Keep
08:30 Castle
08:34 Gryphon Aviary
08:38 Gryphon Aviary
08:43 Arcane Sanctum
09:59 Farm
11:05 Farm
11:10 Farm
11:49 Farm
13:56 Farm
14:00 Farm
14:31 Farm
18:39 Farm
» items
| Lesser Clarity Potion | 1 | |
| Scroll of Regeneration | 2 | |
| Scroll of Town Portal | 1 | |
4 total
Chat log
(00:09 / Allies) TheMiser: My old friend
(00:12 / Allies) TheMiser: The question mark
(00:25 / Allies) ALovelyAlly: Same team again
(00:29 / Allies) TheMiser: Yeh
(00:41 / Allies) TheMiser: It's harder this way because if we abuse the other team too much
(00:50 / Allies) TheMiser: they won't want to stay
(00:55 / All) thequestionmark: guys
(00:58 / All) ALovelyAlly: It's kind of fun that we have a 100% win rate with it though even if they aren't all successful stabs
(01:05 / Allies) ALovelyAlly: well almost 100%
(01:16 / All) thequestionmark: someone tk?
(01:23 / All) ALovelyAlly: No I said nothing be quiet
(01:33 / All) thequestionmark: well red likes to tk :)
(01:40 / Allies) MacDaddyD: P
(02:02 / Allies) MacDaddyD: not aalways :D
(02:18 / Allies) ALovelyAlly: That smile is not very reasurring
(07:44 / Allies) ALovelyAlly: oops I wanted zeppelin not sapper
(08:59 / Allies) TheMiser: might want to start spamming towers
(10:22 / Allies) TheMiser: they never clear the shreddar lawl
(10:29 / Allies) TheMiser: look at him lol
(10:34 / Allies) MacDaddyD: shhh ;)
(12:47 / All) TheMiser: you mh?
(12:55 / All) ALovelyAlly: Me?
(13:11 / All) TheMiser: didn't buy tp lawl
(13:17 / All) TheMiser: blue mhs I think
(13:23 / All) ALovelyAlly: oh thought you were asking if I mh for a second due to that sick creepjack
(13:30 / Allies) MacDaddyD: hold on
(13:36 / Allies) MacDaddyD: wait for priests
(13:40 / Allies) ALovelyAlly: and my bm
(14:52 / Allies) TheMiser: where is your bm
(14:55 / Allies) TheMiser: blue got realllllly lucky
(15:02 / Allies) TheMiser: moved exact right time I think due to MH
(15:06 / Allies) TheMiser: plus I fucking didn't buiy tp
(15:46 / Allies) TheMiser: tp now
(15:53 / Allies) TheMiser: tp now
(16:17 / Allies) MacDaddyD: yes ;)
(17:46 / All) TheMiser: blue you are horrible at thsi game
(17:48 / Allies) MacDaddyD: b
(18:03 / All) thequestionmark: then quit
(18:12 / All) TheMiser: why would I
(18:13 / All) TheMiser: you suck bud
(18:24 / All) ALovelyAlly: Yeah that's not how it works blue
(18:25 / All) thequestionmark: u dont like sucky ppl dont play the game
(18:32 / All) TheMiser: I love it
(18:33 / All) ALovelyAlly: We like them
(18:34 / All) TheMiser: easy win
(18:35 / All) thequestionmark: g4u
(18:36 / All) ALovelyAlly: They give us free wins
(18:38 / All) TheMiser: makes me feel good about myself
(18:42 / All) thequestionmark: congrats
(19:02 / All) thequestionmark: i juss didnt want my hero to die... is that ok with you???
(19:12 / All) thequestionmark: nvr thought of that huh?
(19:29 / Allies) MacDaddyD: gold plz???
(19:35 / Allies) MacDaddyD: green? lol
(21:03 / Allies) MacDaddyD: come here green and get healed i have preiests :/
(21:05 / Allies) MacDaddyD: duh
(21:45 / Allies) TheMiser: focus the hipps
(21:46 / Allies) MacDaddyD: green give me gold you have 3 mines wtf lol
(22:21 / All) TheMiser: teal you are good at this game
(23:04 / Allies) MacDaddyD: i need 130 gold for tp
(23:07 / Allies) MacDaddyD: ??
(23:25 / Allies) ALovelyAlly: tp
(23:29 / Allies) MacDaddyD: 10 more :))
(23:43 / Allies) ALovelyAlly: tp
(24:08 / Allies) MacDaddyD: let me die
(24:59 / Allies) MacDaddyD: k i protect you pink :)
(25:07 / Allies) MacDaddyD: lookin that way :P
(25:54 / All) thequestionmark: greens got invis...
(26:07 / All) ALovelyAlly: Oh?
(26:31 / Allies) MacDaddyD: i can rebuild with gold ..
(26:38 / Allies) ALovelyAlly: Cool!
(26:42 / Allies) MacDaddyD: 365 gold
(26:46 / Allies) MacDaddyD: (
(27:28 / All) TaintedNoob: gg
(27:33 / All) ALovelyAlly: Not over yet
(27:33 / All) ALovelyAlly: STAY
(27:34 / All) ALovelyAlly: STAY
(27:35 / All) ALovelyAlly: STAY
(27:38 / All) ALovelyAlly: GREEN AND I ARE TOGETHER
(27:40 / All) ALovelyAlly: YOU SHALL BE AVENGED
(27:46 / All) MacDaddyD: :D
(28:01 / Allies) TheMiser: I forgot to buy tp again lawl
(29:13 / All) MacDaddyD: come back here * lol
(29:34 / All) MacDaddyD: LOL
(29:41 / All) ALovelyAlly: He let me kill them again with resurrect!
(29:45 / All) ALovelyAlly: Too bad it doesn't work on air
(29:59 / All) MacDaddyD: \
(30:02 / All) TheMiser: that's two times you guys got lucky when you got my hero when I thought
(30:05 / All) TheMiser: I bought TP
(30:07 / All) TheMiser: but apparently didn't
(31:03 / All) MacDaddyD: lol
(31:44 / All) TheMiser: burning to avenge
(31:59 / All) ALovelyAlly: Red has been slain!
(33:28 / Allies) masterfuji: did i miss something why is pink bsing
(33:33 / All) ALovelyAlly: I was helping your dumbass kill him
(33:34 / All) ALovelyAlly: btw
(33:36 / All) ALovelyAlly: Not sure if you noticed
(33:41 / All) ALovelyAlly: but now that delays my team dying quite a lot
(33:44 / All) ALovelyAlly: so good job
(33:52 / Allies) masterfuji: noticed you killing my units
(33:57 / Allies) ALovelyAlly: grats
(34:15 / Allies) masterfuji: so we gonna win this ??
(34:18 / Allies) ALovelyAlly: no
(34:27 / Allies) masterfuji: lol k
(34:32 / Allies) ALovelyAlly: I'll make sure of it
(35:10 / Allies) masterfuji: so you on other side??
(35:16 / Allies) ALovelyAlly: Something like that
(35:38 / Allies) masterfuji: right on
(36:47 / Allies) TheMiser: I'm taking that
(38:13 / Allies) TheMiser: gold
(38:29 / Allies) TheMiser: truly you are a lovely ally
(39:23 / Allies) TheMiser: kill teal
(39:51 / All) TheMiser: It is time for teal to die
(40:11 / Allies) TheMiser: come rod
(40:55 / All) TheMiser: You've been a thorn in my side all game teal
(41:00 / All) TheMiser: Now it is time for you to suffer
(41:04 / All) TheMiser: Like I have suffered
(42:45 / Allies) TheMiser: gold
(44:07 / All) TheMiser: I hereby claim this land, thou tainted noob
(45:00 / Allies) ALovelyAlly: Let us cloud his base
(45:43 / Allies) TheMiser: wait lol
(45:47 / Allies) TheMiser: I don't have clud
(45:56 / Allies) ALovelyAlly: wtf did those bats do
(46:10 / Allies) TheMiser: dunno bats are notoriously stupid
(46:43 / Allies) ALovelyAlly: reveal
(46:56 / Allies) ALovelyAlly: too late meant potm
(47:16 / All) TaintedNoob: gg
(47:37 / All) TheMiser: You ready for another standoff, question mark?
(48:00 / All) panic-attacker: you will dismantle this entire map for victory
(48:00 / Allies) TheMiser: I'd be level 20 by now lawl
(48:05 / All) panic-attacker: every last building
(48:08 / Allies) ALovelyAlly: As would I
(48:09 / All) panic-attacker: the horror
(48:12 / Allies) ALovelyAlly: should be higher than 10
(48:13 / Allies) ALovelyAlly: in 4v4
(48:15 / Allies) ALovelyAlly: and 3v3
(48:52 / Allies) TheMiser: I hate that I get level 10 and they're not even ult level
(48:53 / All) panic-attacker: cruel dictator we havv fought valantly for freedom today is a good day to die
(48:58 / Allies) TheMiser: then they start catching up to me
(49:09 / All) TheMiser: Your freedom you shall never obtain
(49:22 / All) TheMiser: You and orange shall be trapped here for eternity
(49:46 / All) panic-attacker: may the houses of khan curse yr ancestry line bloodsoakd stain for all eternity for transgressions here today
(49:58 / All) panic-attacker: we shall sing songs or lore about this day
(50:01 / All) ALovelyAlly: You have an equal chance of winning to orange
(50:03 / All) TheMiser: Well
(50:03 / All) ALovelyAlly: oh well not anymore
(50:11 / All) TheMiser: How unfortunate
(50:20 / All) panic-attacker: we havv nothing left for you 2 take
(50:21 / All) ALovelyAlly: Now we must slay you
(50:22 / Allies) TheMiser: no need now lol
(50:31 / All) panic-attacker: our women and children all dead
(50:37 / All) ALovelyAlly: And now your menfolk shall die too
(50:43 / All) panic-attacker: our warriors asleep in the afterlife
(50:53 / All) panic-attacker: there will be no rest for thw icked!
(50:57 / All) panic-attacker: mark my words
(51:17 / All) panic-attacker: i will haunt yr battlenets from now until forever
(51:22 / All) panic-attacker: silently cursing yr names
(51:27 / All) panic-attacker: and yr childrends names
(51:54 / All) panic-attacker: it is only fair for balance
(52:16 / All) panic-attacker: may the last blu tower stand tall like a pollock
(52:31 / All) TheMiser: You shall drown in the rivers of blood we have made of your kinsmen
(52:32 / Allies) ALovelyAlly: cannon towers maybe?
(52:45 / All) panic-attacker: blemish to yu i spit on our graves
(53:48 / All) panic-attacker: do yu hack the matrix worthy advesari?
(54:26 / All) panic-attacker: good night sweet price
(54:31 / All) panic-attacker: good uck to the rest of u
(54:37 / All) panic-attacker: haunt me haunt me do it again